 Dungeon Crawl Stone Soup version 0.18.1-48-g4cf74bf (webtiles) character file.

4165 nikopol the Cleaver (level 10, -13/136 HPs)
             Began as a Hill Orc Berserker on Aug 10, 2016.
             Was an Elder of Trog.
             Mangled by a spiny frog (18 damage)
             ... on level 1 of the Lair of Beasts.
             The game lasted 00:19:13 (8713 turns).

nikopol the Cleaver (Hill Orc Berserker)            Turns: 8713, Time: 00:19:14

Health: -13/136    AC: 12    Str: 27    XL:     10   Next: 28%
Magic:  10/10      EV: 13    Int:  7    God:    Trog [****..]
Gold:   131        SH:  0    Dex: 12    Spells: 0 memorised, 9 levels left

rFire  . . .     SeeInvis .     a - +1 war axe
rCold  + . .     Gourm    .     D - +1 scale mail {rC+}
rNeg   . . .     Faith    .     (no shield)
rPois  .         Spirit   .     p - +0 helmet
rElec  .         Dismiss  +     (no cloak)
rCorr  .         Reflect  .     (no gloves)
SustAt .         Harm     .     (no boots)
MR     .....                    o - amulet of dismissal
Stlth  ..........               (no ring)
                                r - +2 ring of protection

@: berserking, lethally poisoned (-13 -> -13), very quick, not resistant to
hostile enchantments, extremely unstealthy
A: no striking features
a: Berserk, Trog's Hand, Brothers in Arms, Burn Spellbooks, Renounce Religion


You were on level 1 of the Lair of Beasts.
You worshipped Trog.
Trog was greatly pleased with you.
You were not hungry.

You visited 2 branches of the dungeon, and saw 9 of its levels.
You also visited: Sewer.

You collected 363 gold pieces.
You spent 232 gold pieces at shops.

Inventory:

Hand Weapons
 a - a +1 war axe (weapon)
 z - a +0 shortbow
Missiles
 s - 87 arrows (quivered)
Armour
 p - a +0 helmet (worn)
 D - a +1 scale mail of cold resistance (worn)
Jewellery
 g - an uncursed amulet of harm
 o - an amulet of dismissal (around neck)
 r - a +2 ring of protection (left hand)
 v - an uncursed amulet of the gourmand
Scrolls
 f - 2 scrolls of identify
 i - a scroll of enchant armour {unknown}
 j - 2 scrolls of blinking
 k - a scroll of vulnerability {unknown}
 q - a scroll of remove curse
 x - 2 scrolls of magic mapping
 y - 2 scrolls of teleportation {unknown}
 A - a scroll of fog {unknown}
 C - a scroll of enchant weapon
 E - a scroll of noise {unknown}
Potions
 b - a potion of degeneration {unknown}
 c - a potion of agility
 d - 6 potions of flight
 e - 2 potions of might
 l - 3 potions of curing
 m - a potion of heal wounds
 n - a potion of berserk rage {unknown}
 t - 3 potions of invisibility
 u - a potion of haste
 w - a potion of brilliance
 B - a potion of mutation {unknown}
Comestibles
 h - 3 meat rations


   Skills:
 + Level 9.0 Fighting
 * Level 10.2 Axes
 * Level 3.8 Bows
 + Level 7.7 Armour
 + Level 5.9 Dodging


You had 9 spell levels left.
You didn't know any spells.

Dungeon Overview and Level Annotations

Branches:
Dungeon (8/15)             Temple (0/1) D:6            Lair (1/8) D:8

Altars:
Ashenzari
Cheibriados
Dithmenos
Gozag
Kikubaaqudgha
Nemelex Xobeh
Okawaru
Pakellas
Qazlal
Ru
Sif Muna
Xom
Yredelemnul
Zin
The Shining One

Shops:
D:4 (   D:7 ?


Message History

You shoot an arrow. The arrow hits the spiny frog.
The spiny frog is lightly wounded.
You feel sick.
Firing (i - inventory):
s - 88 arrows (quivered)
Press: ? - help, Shift-Dir - straight line, f/p - spiny frog
Aim: a spiny frog (lightly wounded)
You shoot an arrow.
The arrow hits the spiny frog but does no damage.
The spiny frog is lightly wounded.
Wield which item (- for none, * to show all)? (? for menu, Esc to quit)
a - a +1 war axe (weapon)
You feel sick.
You hit the spiny frog.
The spiny frog is moderately wounded.
The spiny frog stings you!!
* * * LOW HITPOINT WARNING * * *
A red film seems to cover your vision as you go berserk!
You feel yourself moving faster!
You feel mighty!
You feel somewhat more hungry.
You feel sick. The spiny frog stings you!!
You die...

#### ##..###
####.....# ##
##.......####.##
####.........#.....
##..................
#P............(.....
###.........@F.((..(.
#........####........
###......###
#........ ##.......##
#........ #P......##
......... ##)...###
###(...... ##...##
#...... #....# ?...(.
#....# ......


You could see a spiny frog.

Vanquished Creatures
  The ghost of daning the Carver, a novice HESk of Okawaru (D:7)
  A hill giant (D:7)
  The ghost of TBriggs11TB the Shield-Bearer, an amateur FoFi (D:3)
  2 yaks (D:8)
  2 orc warriors (D:8)
  2 ice beasts
  2 sky beasts
  Purgy (Sewer)
  3 ogres
  A phantom (D:8)
  2 centaurs (D:7)
  3 giant frogs
  5 scorpions
  4 killer bees (D:7)
  A howler monkey (D:4)
  4 crimson imps
  A centaur zombie (D:5)
  A hound (D:8)
  A jelly (D:7)
  An orc priest (D:6)
  A centaur skeleton (D:5)
  A gnoll shaman (D:7)
  3 orc wizards
  4 iguanas
  5 worker ants
  5 adders
  5 river rats
  A howler monkey skeleton (D:8)
  3 shadow imps
  4 oozes
  An adder skeleton (D:5)
  3 worms
  3 dart slugs
  6 giant geckos
  17 orcs
  7 giant cockroaches
  4 goblins
  5 hobgoblins
  3 jackals (D:2)
  6 kobolds
  3 quokkas
  4 ball pythons
  17 bats
  2 giant gecko zombies
  A giant newt (D:2)
  2 quokka skeletons (D:6)
  17 rats
  2 fungi (D:8)
  3 plants (D:8)
177 creatures vanquished.

Vanquished Creatures (others)
  A plant (D:8)
1 creature vanquished.

Grand Total: 178 creatures vanquished

Notes
Turn   | Place    | Note
--------------------------------------------------------------
     0 | D:1      | nikopol the Hill Orc Berserker began the quest for the Orb.
     0 | D:1      | Reached XP level 1. HP: 19/19 MP: 1/1
    73 | D:1      | Reached XP level 2. HP: 4/27 MP: 2/2
   773 | D:2      | Reached XP level 3. HP: 18/33 MP: 3/3
  1261 | D:2      | Found a sacrificial altar of Ru.
  1536 | D:2      | Found a basalt altar of Yredelemnul.
  1596 | D:3      | Reached ** piety under Trog
  1645 | D:3      | Reached XP level 4. HP: 41/41 MP: 4/4
  2339 | D:3      | Noticed TBriggs11TB's ghost (amateur FoFi)
  2355 | D:3      | Killed TBriggs11TB's ghost
  2355 | D:3      | Reached skill level 5 in Fighting
  2355 | D:3      | Reached skill level 5 in Axes
  2355 | D:3      | Reached XP level 5. HP: 8/48 MP: 5/5
  2355 | D:3      | Reached XP level 6. HP: 9/56 MP: 6/6
  2759 | D:4      | Found a glowing drain.
  2829 | Sewer    | Entered a sewer
  3052 | Sewer    | Noticed Purgy
  3069 | Sewer    | Killed Purgy
  3069 | Sewer    | Reached skill level 6 in Axes
  3069 | Sewer    | Reached XP level 7. HP: 13/62 MP: 7/7
  3393 | D:4      | Found an iron altar of Okawaru.
  4119 | D:4      | Found a sparkling altar of Nemelex Xobeh.
  4192 | D:4      | Reached skill level 5 in Armour
  4223 | D:4      | Found Esiffo's Weapon Shoppe.
  4239 | D:4      | Reached *** piety under Trog
  4250 | D:4      | Reached XP level 8. HP: 67/71 MP: 8/8
  4283 | D:4      | Found a shadowy altar of Dithmenos.
  4559 | D:5      | Entered Level 5 of the Dungeon
  4636 | D:5      | Reached skill level 7 in Axes
  4823 | D:5      | Found a snail-covered altar of Cheibriados.
  5005 | D:6      | Found a shattered altar of Ashenzari.
  5239 | D:6      | Found a deep blue altar of Sif Muna.
  5242 | D:6      | Found a snail-covered altar of Cheibriados.
  5243 | D:6      | Found an ancient bone altar of Kikubaaqudgha.
  5243 | D:6      | Found an oddly glowing altar of Pakellas.
  5258 | D:6      | Found a stormy altar of Qazlal.
  5545 | D:6      | Found a staircase to the Ecumenical Temple.
  5643 | D:6      | Found a glowing golden altar of the Shining One.
  5952 | D:7      | Found Imnal's Magic Scroll Boutique.
  5957 | D:7      | Bought a scroll of enchant weapon for 120 gold pieces
  5957 | D:7      | Bought a scroll of remove curse for 48 gold pieces
  5972 | D:7      | Bought a scroll of identify for 32 gold pieces
  5972 | D:7      | Bought a scroll of identify for 32 gold pieces
  6058 | D:7      | Noticed daning's ghost (novice HESk)
  6075 | D:7      | Killed daning's ghost
  6075 | D:7      | Reached skill level 8 in Axes
  6075 | D:7      | Reached skill level 5 in Dodging
  6075 | D:7      | Reached XP level 9. HP: 81/81 MP: 9/9
  6168 | D:7      | Found an opulent altar of Gozag.
  6347 | D:7      | Reached skill level 1 in Bows
  6350 | D:7      | Reached skill level 9 in Axes
  6824 | D:7      | Reached **** piety under Trog
  7161 | D:7      | Noticed a hill giant
  7172 | D:7      | Killed a hill giant
  7559 | D:8      | Reached XP level 10. HP: 90/90 MP: 10/10
  7566 | D:8      | Reached skill level 10 in Axes
  7724 | D:8      | Found a shimmering altar of Xom.
  7724 | D:8      | Noticed an angel
  7737 | D:8      | Found a glowing silver altar of Zin.
  8250 | D:8      | Found a staircase to the Lair.
  8661 | Lair:1   | Entered Level 1 of the Lair of Beasts
  8690 | Lair:1   | Noticed a spiny frog
  8712 | Lair:1   | HP: 4/91 [spiny frog (19)]
  8713 | Lair:1   | Mangled by a spiny frog

Skill      XL: |  1  2  3  4  5  6  7  8  9 10 |
---------------+-------------------------------+-----
Fighting       | 4 5 6 8 9 |  9.0
Dodging        | 2 3 5 |  5.9
Axes           | 5 6 8 9 10 | 10.2
Armour         | 3 4 5 6 7 |  7.7
Bows           | 3 |  3.8

Action                   |  1- 3 |  4- 6 |  7- 9 | 10-12 || total
-------------------------+-------+-------+-------+-------++-------
Melee: Hand axe          |   104 |       |       |       ||   104
       War axe           |    10 |    97 |   339 |   168 ||   614
 Fire: Shortbow          |       |       |    21 |    11 ||    32
Invok: Berserk           |       |     3 |     5 |     2 ||    10
       Burn Spellbooks   |       |     1 |       |       ||     1
  Use: Scroll            |       |     4 |    14 |       ||    18
  Eat: Chunk             |     1 |       |    10 |     5 ||    16
       Bread ration      |       |     2 |     2 |       ||     4
       Meat ration       |       |       |       |     1 ||     1
Armor: Animal skin       |     7 |       |       |       ||     7
       Ring mail         |    38 |    49 |    73 |       ||   160
       Chain mail        |       |       |     5 |       ||     5
       Scale mail        |       |       |    61 |    43 ||   104
Dodge: Dodged            |    71 |    84 |   243 |   102 ||   500
